AoeStats
← Biscoitoso

Pilgrims

510239493Analyzed
3v3 RM · 1d ago on Sep 30, 2026· 61m 46s· 6 players
Game mode
Random Map
Map size
Normal (6 player)
Population
200
Speed
Normal
Resources
Standard
Victory
Conquest
Starting age
Dark Age
Ending age
Imperial Age
RankedLock teamsTeams togetherTeam positionsShared explorationLock speedFull tech treeHidden civsTurbo modeCheats
Victory
Defeat
🇺🇸 Huns · United States
769
+14
🇺🇸 Goths · United States
768
+14
🇺🇸 Portuguese · United States
706
+17
🇨🇦 Magyars · Canada
731
-15
🇧🇷 Teutons · Brazil
729
-15
🇸🇻 Portuguese · El Salvador
728
-15
Epicardo
7:39 Loom
13:52 Feudal Age
15:39 Double-Bit Axe
21:41 Castle Age
22:20 Horse Collar
22:54 Bow Saw
24:50 Medium Warships
25:11 Heavy Plow
25:08 Fletching
26:21 Wheelbarrow
25:32 Town Watch
25:48 Bodkin Arrow
26:24 Gold Mining
27:25 Hand Cart
31:15 Ballistics
30:36 Treadmill Crane
31:10 Siphons
33:46 Imperial Age
35:29 Chemistry
34:34 Siege Engineers
34:47 Bracer
35:49 Crop Rotation
35:17 Elite Caravel
36:28 Heavy Warships
35:55 Fishing Lines
36:31 Careening
36:32 Clinker Construction
37:05 Stone Mining
38:31 Two-Man Saw
39:02 Gillnets
40:25 Dry Dock
40:27 Carvel Hull
47:59 Onager
49:48 Light Cavalry
50:54 Forging
50:50 Scale Barding Armor
51:43 Bloodlines
51:33 Husbandry
54:22 Iron Casting
54:07 Chain Barding Armor
54:42 Elite Organ Gun
Saino Bros
11:42 Feudal Age
14:43 Wheelbarrow
13:52 Horse Collar
16:02 Fishing Lines
18:43 Castle Age
18:15 Padded Archer Armor
23:55 Gold Mining
28:01 Fletching
29:22 Hand Cart
33:17 Double-Bit Axe
33:36 Heavy Plow
33:35 Stone Mining
34:20 Gold Shaft Mining
41:05 Pikeman
41:30 Arson
49:32 Imperial Age
Biscoitoso
5:08 Loom
15:00 Feudal Age
15:26 Town Watch
15:32 Double-Bit Axe
18:27 Fishing Lines
18:53 Gold Mining
20:04 Fletching
22:20 Castle Age
20:11 Horse Collar
21:57 Forging
21:47 Scale Mail Armor
23:01 Padded Archer Armor
23:52 Wheelbarrow
23:26 Stone Mining
24:48 Gillnets
25:13 Medium Warships
24:55 Gillnets
27:26 Crossbowman
27:53 Pikeman
28:33 Squires
31:07 Fervor
31:58 Sanctity
33:08 Arson
34:13 Heavy Plow
37:58 Iron Casting
37:19 Bodkin Arrow
41:29 Bloodlines
41:39 Bow Saw
44:33 Elite Skirmisher
46:26 Ballistics
gthet3
12:56 Feudal Age
14:01 Loom
14:17 Fishing Lines
15:55 Double-Bit Axe
23:07 Castle Age
21:43 Wheelbarrow
21:19 Forging
21:10 Scale Mail Armor
21:00 Fletching
21:10 Padded Archer Armor
20:54 Horse Collar
25:24 Hand Cart
24:34 Pikeman
25:14 Squires
25:39 Bow Saw
26:47 Anarchy
27:35 Iron Casting
27:15 Chain Mail Armor
31:11 Imperial Age
29:51 Town Watch
31:32 Gillnets
33:04 Capped Ram
35:46 Halberdier
40:54 Elite Huskarl
41:35 Perfusion
43:14 Town Patrol
43:26 Heavy Plow
51:34 Gold Mining
56:39 Conscription
57:52 Ballistics
58:38 Chemistry
57:36 Murder Holes
57:24 Treadmill Crane
JeanPuulll
12:36 Feudal Age
14:38 Wheelbarrow
13:53 Double-Bit Axe
22:38 Castle Age
21:02 Bloodlines
22:33 Horse Collar
23:32 Thumb Ring
26:14 Husbandry
27:50 Bow Saw
29:56 Scale Mail Armor
29:57 Padded Archer Armor
31:18 Pikeman
31:44 Gambesons
34:49 Hand Cart
37:05 Elite Skirmisher
38:40 Leather Archer Armor
38:16 Fletching
38:29 Heavy Plow
40:27 Stone Mining
42:10 Caravan
43:34 Ballistics
43:05 Heated Shot
46:43 Imperial Age
45:24 Bodkin Arrow
45:44 Chain Mail Armor
45:35 Scale Barding Armor
48:33 Two-Man Saw
51:59 Chemistry
51:55 Light Cavalry
54:12 Cavalier
54:58 Gold Mining
55:43 Stone Shaft Mining
55:47 Crop Rotation
60:50 Murder Holes
61:03 Siphons
61:18 Bombard Tower
mthet
12:49 Feudal Age
21:05 Loom
24:34 Castle Age
23:02 Gold Mining
23:05 Town Watch
28:46 Bloodlines
38:12 Wheelbarrow
40:42 Hand Cart
43:27 Pikeman
44:08 Squires
44:56 Town Patrol
46:36 Scale Mail Armor
46:49 Forging
48:31 Iron Casting
48:11 Chain Mail Armor
51:13 Double-Bit Axe
51:58 Husbandry
52:43 Scale Barding Armor
58:49 Coinage
61:40 Imperial Age
Connection lost

Rejoining the realm…

Still unreachable

The connection could not be restored.

Session expired

The server has moved on; the page needs a fresh start.